 Dungeon Crawl Stone Soup version 0.20-a0-454-g2b43fbb (webtiles) character file.

90 Queen the Cudgeler (level 4, -2/42 HPs)
             Began as a Gargoyle Berserker on Jan 9, 2017.
             Was a Believer of Trog.
             Slain by subsebi's ghost (4 damage)
             ... on level 3 of the Dungeon.
             The game lasted 00:08:49 (2052 turns).

Queen the Cudgeler (Gargoyle Berserker)             Turns: 2052, Time: 00:08:50

Health: -2/42      AC: 22    Str: 20    XL:     4   Next: 56%
Magic:  4/4        EV:  2    Int:  8    God:    Trog [**....]
Gold:   84         SH:  0    Dex: 10    Spells: 3/3 levels left

rFire  . . .     SeeInvis .     a - +1 mace
rCold  . . .     Gourm    .     (armour currently unavailable)
rNeg   + + +     Faith    .     (no shield)
rPois  ∞         Spirit   .     (helmet currently unavailable)
rElec  .         Reflect  .     (cloak currently unavailable)
rCorr  .         Harm     .     (gloves currently unavailable)
MR     .....     NoTele   +     (boots currently unavailable)
Stlth  +.........               (no amulet)
                                (no ring)
                                (no ring)

@: tree-form, very slightly contaminated, invisible
A: negative energy resistance 1, (electricity resistance), (unbreathing),
petrification resistance, rot immunity, AC +3
a: Berserk, Trog's Hand, Burn Spellbooks, Renounce Religion


You were on level 3 of the Dungeon.
You worshipped Trog.
Trog was pleased with you.
You were not hungry.
You were a tree.
You visited 1 branch of the dungeon, and saw 3 of its levels.

You collected 84 gold pieces.

Inventory:

Hand Weapons
 a - a +1 mace (weapon)
Armour
 i - a +1 chain mail (melded)
Wands
 b - a wand of lightning (14/15)
 o - a wand of iceblast (6/15)
Scrolls
 e - 2 scrolls of remove curse {unknown}
 j - 3 scrolls of blinking
 k - a scroll of enchant weapon
 n - a scroll of recharging
Potions
 g - a potion of mutation
 h - 2 potions of lignification
 l - 2 potions of curing
Comestibles
 c - 2 bread rations
 d - a meat ration
 f - 2 chunks of flesh
 m - a royal jelly


   Skills:
 - Level 3.3 Fighting
 + Level 5.1 Maces & Flails
 - Level 2.1 Armour
 - Level 1.5 Dodging


You had 3 spell levels left.
You didn't know any spells.

Dungeon Overview and Level Annotations

Branches:
Dungeon (3/15)

Altars:

Annotations:
D:3 subsebi's ghost, amateur DsCK


Innate Abilities, Weirdness & Mutations

You are resistant to torment.
((Your stone body is resilient. (AC +3)))
You are immune to poison.
You resist negative energy. (rN+)
((You are resistant to electric shocks. (rElec)))
((You can survive without breathing.))
You are immune to petrification.
You are immune to rotting.


Message History

* * * LOW HITPOINT WARNING * * *
You cannot teleport because you are held in place by your roots.
You hit subsebi's ghost but do no damage.
Subsebi's ghost is heavily damaged.
Subsebi's ghost hits you but does no damage.
You sock subsebi's ghost!
Subsebi's ghost is severely damaged.
Subsebi's ghost hits you!
* * * LOW HITPOINT WARNING * * *
Subsebi's ghost burns you.
* * * LOW HITPOINT WARNING * * *
You hit subsebi's ghost.
Subsebi's ghost is almost destroyed.
Subsebi's ghost hits you but does no damage.
You fade into invisibility!
You are very lightly contaminated with residual magic.
You hit subsebi's ghost.
Subsebi's ghost is almost destroyed.
Subsebi's ghost hits you.
You die...

.... ###
.....# ..#
#.#.#.# ##.#
#.#.#.#
#.#.#.#.#.#
#.#.#.#.#
#.#.#.#
#.#.#.# .#
#.#.#♣#.# #.#
##.#.#W#.# #.#
#.#.# #.#.#
#.# ##.# #.#.#
#.# ..# #.#.
.# #.# ### #.#
.#.# #.#
#.#.#.#.# #. .
#.#.#.#.#.#.#
# .
#.....#.#.#.#.


You could see subsebi's ghost.

Vanquished Creatures
  A hound skeleton (D:2)
  2 adders (D:3)
  An ooze (D:2)
  A worm (D:2)
  A dart slug (D:1)
  3 leopard geckos
  2 bats (D:1)
  3 giant cockroaches
  7 goblins
  7 hobgoblins
  3 jackals (D:1)
  8 kobolds
  A ball python (D:3)
  A frilled lizard (D:2)
  4 rats
45 creatures vanquished.

Notes
Turn   | Place    | Note
-------+----------+-------------------------------------------
     0 | D:1      | Queen the Gargoyle Berserker began the quest for the Orb.
     0 | D:1      | Reached XP level 1. HP: 14/14 MP: 1/1
   267 | D:1      | Reached XP level 2. HP: 19/19 MP: 2/2
   541 | D:1      | Reached skill level 4 in Maces & Flails
   610 | D:1      | Reached XP level 3. HP: 23/23 MP: 3/3
  1277 | D:2      | Reached ** piety under Trog
  1651 | D:2      | Reached XP level 4. HP: 20/28 MP: 4/4
  1868 | D:3      | Reached skill level 5 in Maces & Flails
  1955 | D:3      | Noticed subsebi's ghost (amateur DsCK)
  1959 | D:3      | Paralysed by subsebi's ghost for 4 turns
  2050 | D:3      | HP: 2/42 [subsebi's ghost (1)]
  2052 | D:3      | Slain by subsebi's ghost

Vault maps used:
D:1:      dpeg_arrival_connections, serial_glass, glass_columns_b,
          glass_columns_a, minmay_pentomino_t4
D:2:      corexii_hall_statues_x
D:3:      minmay_misc_feat_ornament

Skill      XL: |  1  2  3  4 |
---------------+-------------+-----
Maces & Flails | 4 5 |  5.1
Fighting       | |  3.3
Armour         | |  2.1
Dodging        | |  1.5

Action                   |  1- 3 |  4- 6 || total
-------------------------+-------+-------++-------
Melee: Mace              |   109 |    43 ||   152
  Use: Scroll            |     2 |     5 ||     7
       Potion            |       |     2 ||     2
  Eat: Chunk             |     2 |     2 ||     4
Armor: Animal skin       |    30 |       ||    30
       Chain mail        |    31 |    33 ||    64
       Scale mail        |     7 |       ||     7
       Skin              |       |     3 ||     3
Dodge: Dodged            |    72 |    17 ||    89
